 Dungeon Crawl Stone Soup version 0.31-a0-73-g838c19eb66 (webtiles) character file.

Game seed: 8077662062067518228

233 Kenran the Ruffian (level 5, -1/39 HPs)
             Began as a Vampire Fighter on May 23, 2023.
             Slain by a gnoll
             ... wielding a +0 flail
              (6 damage)
             ... on level 4 of the Dungeon.
             The game lasted 00:04:04 (2274 turns).

Kenran the Ruffian (Vampire Fighter)                Turns: 2274, Time: 00:04:04

Health: -1/39      AC:  9    Str: 23    XL:     5   Next: 74%
Magic:  5/5        EV:  8    Int: 10    God:
Gold:   190        SH:  4    Dex: 14    Spells: 4/4 levels left

rFire   . .          .
                       - Unarmed
rCold   . . .        b - +0 buckler
rNeg    . . .        q - +0 chain mail
rPois   .            f - +0 helmet
rElec   .            (no cloak)
rCorr   .            (no gloves)
SInv    +            (no boots)
Will    .....        (no amulet) Stlth
                     k - ring of flight
HPRegen 0.46/turn    m - +6 ring of strength
MPRegen 0.09/turn

%: no passive effects
@: mighty, flying, healing quickly
A: alive, fangs 3, see invisible, vampiric 2
a: Exsanguinate


You were on level 4 of the Dungeon.
You visited 1 branch of the dungeon, and saw 4 of its levels.

You collected 190 gold pieces.

Inventory:

Missiles
 g - 6 poisoned darts (quivered)
Armour
 b - a +0 buckler (worn)
 f - a +0 helmet (worn)
 q - a +0 chain mail (worn)
Jewellery
 k - a ring of flight (left hand)
 m - a +6 ring of strength (right hand)
Scrolls
 d - 3 scrolls of teleportation
 e - a scroll of enchant weapon {unknown}
 i - a scroll of torment {unknown}
 j - a scroll of noise {unknown}
 l - 2 scrolls of vulnerability {unknown}
 n - 2 scrolls of identify {unknown}
 o - a scroll of blinking {unknown}
 s - a scroll of acquirement {unknown}
Potions
 a - a potion of magic {unknown}
 h - 2 potions of curing {@q1}
 p - a potion of ambrosia {unknown}
 r - a potion of resistance {unknown}
 t - a potion of invisibility {unknown}


   Skills:
 - Level 2.6 Fighting
 - Level 2.4 Armour
 - Level 2.6 Shields
 + Level 6.7 Unarmed Combat


You had 4 spell levels left.
You didn't know any spells.
Your spell library contained the following spells:

 Spells                   Type           Power      Damage    Failure   Level
 Blink                    Tloc           0%         N/A       99%         2
 Lesser Beckoning         Tloc           0%         N/A       99%         2
 Momentum Strike          Conj/Tloc      0%         3d8       99%         2
 Scorch                   Fire           0%         2d5       99%         2
 Flame Wave               Conj/Fire      0%         2d4       100%        4
 Summon Cactus Giant      Summ           0%         N/A       100%        6


Dungeon Overview and Level Annotations

Branches:
Dungeon (4/15)
 Temple: D:4-7

Altars:
Qazlal
Yredelemnul


Innate Abilities, Weirdness & Mutations

Your natural rate of healing is accelerated.
You have razor-sharp teeth.
You have supernaturally acute eyesight. (SInv)
You are afflicted with vampirism and can become a bat while bloodless.


Message History

Ijyb is heavily wounded.
Ijyb hits you with a +0 dagger.
You punch Ijyb!
You kill Ijyb!
A gnoll comes into view. It is wielding a +0 flail.
You hit the hobgoblin.
The hobgoblin is severely wounded.
The hobgoblin hits you but does no damage.
You punch the hobgoblin!
You kill the hobgoblin!
The gnoll hits you from afar with a +0 halberd.
The gnoll hits you with a +0 halberd! The gnoll closely misses you.
Items here: ) / [ †.
You punch the gnoll!
You kill the gnoll!
The gnoll barely misses you. The gnoll hits you but does no damage.
You see here a +0 halberd.
You barely miss the gnoll. The gnoll hits you with a +0 halberd.
You block the gnoll's attack.
You punch the gnoll!
The gnoll is severely wounded.
The gnoll hits you with a +0 flail!
* * * LOW HITPOINT WARNING * * *
The gnoll completely misses you.
You punch the gnoll!
You kill the gnoll!
The gnoll hits you with a +0 flail.
* * * LOW HITPOINT WARNING * * *
It was a potion of curing.
You feel better. The gnoll hits you with a +0 flail.
* * * LOW HITPOINT WARNING * * *
The gnoll barely misses you.
You barely miss the gnoll. You bite the gnoll.
The gnoll is lightly wounded.
The gnoll hits you but does no damage. You block the gnoll's attack.
You barely miss the gnoll.
The gnoll is lightly wounded.
The gnoll completely misses you. The gnoll hits you with a +0 flail.
* * * LOW HITPOINT WARNING * * *
The gnoll attacks as you move away! The gnoll hits you with a +0 flail.
You die...

##....# ##....##
#.....### ####......##
##...##.....# ##### .
#..........## .#..#..
#..##......#### ......#
##.#....#...#.##g......
##.....##.....)@g...#
#..######.[...######..#
##..## #.............
.....# #..............
....##.........#......
..###...>....###.#....
...###........ ##....
^..........##. ...
#.#........ .# ..


You could see 2 gnolls.

Vanquished Creatures
  Ijyb (D:4)
  3 orc wizards
  2 adders
  2 gnolls (D:4)
  2 adder zombies (D:3)
  A worm (D:2)
  3 dart slugs
  9 orcs
  8 bats
  5 endoplasms
  3 giant cockroaches
  A goblin (D:1)
  4 hobgoblins
  6 jackals
  5 kobolds
  A quokka (D:1)
  7 ball pythons
  A ball python zombie (D:3)
  5 frilled lizards
  A jackal zombie (D:3)
  2 rats
72 creatures vanquished.

Notes
Turn   | Place    | Note
-------+----------+-------------------------------------------
     0 | D:1      | Kenran the Vampire Fighter began the quest for the Orb.
     0 | D:1      | Reached XP level 1. HP: 17/17 MP: 1/1
   132 | D:1      | Reached skill level 3 in Unarmed Combat
   165 | D:1      | Reached XP level 2. HP: 19/23 MP: 2/2
   440 | D:1      | Gained mutation: You are afflicted with vampirism and can
                  | become a bat while bloodless. [Vampire growth]
   440 | D:1      | Reached XP level 3. HP: 28/28 MP: 3/3
   452 | D:1      | Reached skill level 4 in Unarmed Combat
  1399 | D:3      | Noticed an air elemental
  1401 | D:3      | Found a stormy altar of Qazlal.
  1402 | D:3      | Noticed an earth elemental
  1402 | D:3      | Noticed a water elemental
  1402 | D:3      | Noticed a fire elemental
  1423 | D:3      | Reached XP level 4. HP: 34/34 MP: 4/4
  1443 | D:3      | Reached skill level 5 in Unarmed Combat
  1565 | D:3      | Reached XP level 5. HP: 38/39 MP: 5/5
  1580 | D:2      | Reached skill level 6 in Unarmed Combat
  1963 | D:3      | Found a basalt altar of Yredelemnul.
  2253 | D:4      | Identified the +0 pair of boots "Fexadih" {rF+ rCorr
                  | Stlth+}
  2257 | D:4      | Noticed Ijyb
  2262 | D:4      | Killed Ijyb
  2274 | D:4      | Slain by a gnoll

Illustrated notes

Levels and vault maps discovered:
D:1:      lightli_arrival_quake, layout_loops_ring, minmay_octomino_c4
D:2:      layout_loops_ring, chequers_garden, kennysheep_generic_room_14
D:3:      layout_loops_ring, nicolae_yredelemnul_corpse_copse,
          nicolae_qazlal_style_of_elements, minmay_misc_feat_cross
D:4:      layout_cave_pools, uniq_ijyb

Skill      XL: |  1  2  3  4  5 |
---------------+----------------+-----
Unarmed Combat | 3 4 5 6 |  6.7
Fighting       | |  2.6
Armour         | |  2.4
Shields        | |  2.6

Action                     |  1- 3 |  4- 6 || total
---------------------------+-------+-------++-------
  Melee: Unarmed           |   130 |    89 ||   219
         Bite              |    12 |     8 ||    20
    Use: Scroll            |     1 |       ||     1
         Potion            |       |     2 ||     2
 Armour: Scale mail        |    56 |     8 ||    64
         Chain mail        |       |    26 ||    26
  Dodge: Dodged            |    58 |    25 ||    83
  Block: Buckler           |    23 |     6 ||    29

Table legend: (Time is in decaauts)
 A = Elapsed time spent in this place.
 B = Non-inter-level travel time spent in this place.
 C = Inter-level travel time spent in this place.
 D = Time resting spent in this place.
 E = Time spent auto-exploring this place.
 F = Levels seen in this place.
 G = Mean time per level.
                   A        B        C        D        E       F      G
               +--------+--------+--------+--------+--------+-----+--------+
         Total |   2263 |   2196 |     67 |     57 |   1612 |   4 |  565.8 |
       Dungeon |   2263 |   2196 |     67 |     57 |   1612 |   4 |  565.8 |
               +--------+--------+--------+--------+--------+-----+--------+

Top non-repeatable levels by time:
     D:1: 732 daAuts
     D:3: 702 daAuts
     D:2: 695 daAuts
     D:4: 133 daAuts
